 Dungeon Crawl Stone Soup version 0.18-a0-1764-gf4ddf0b (webtiles) character file.

4739 M4edhros the Zephyrmancer (level 10, -7/96 HPs)
             Began as an Ogre Wanderer on Apr 13, 2016.
             Was an Initiate of Gozag.
             Mangled by a wyvern (17 damage)
             ... while paralysed
             ... on level 9 of the Dungeon.
             The game lasted 00:19:06 (8017 turns).

M4edhros the Zephyrmancer (Ogre Wanderer)           Turns: 8017, Time: 00:19:08

Health: -7/96      AC:  4    Str: 25      XL:     10   Next: 46%
Magic:  12/14      EV:  1    Int: 14 (15) God:    Gozag
Gold:   877        SH:  0    Dex: 19      Spells: 1 memorised, 13 levels left

rFire  x . .     SeeInvis .     x - +0 giant spiked club
rCold  + . .     Gourm    .     d - +0 robe
rNeg   . . .     Faith    .     (shield currently unavailable)
rPois  .         Spirit   .     (helmet restricted)
rElec  .         Dismiss  .     w - +0 cloak
rCorr  .         Reflect  .     (gloves unavailable)
SustAt .         Harm     .     (boots unavailable)
MR     +....                    h - amulet of regeneration
Stlth  +++.......               D - +2 ring of strength
                                g - ring of ice

@: paralysed, mighty, brilliant, agile, exhausted, gold aura, slowed, somewhat
resistant to hostile enchantments, fairly stealthy
A: unfitting armour, tough skin 1
a: Potion Petition, Call Merchant, Bribe Branch, Renounce Religion


You were on level 9 of the Dungeon.
You worshipped Gozag.
Gozag was noncommittal.
You were not hungry.

You visited 2 branches of the dungeon, and saw 11 of its levels.

You collected 977 gold pieces.
You paid 100 gold pieces to Gozag.

Inventory:

Hand Weapons
 a - a +2 spear
 l - a +1 dagger of venom
 t - a +0 blowgun
 x - a +0 giant spiked club (weapon)
 C - a +4 flail of protection
 G - a +0 giant club
Missiles
 m - 12 sling bullets
 v - 13 tomahawks (quivered)
 F - 13 poisoned sling bullets
Armour
 d - a +0 robe (worn)
 w - a +0 cloak (worn)
Jewellery
 g - a ring of ice (left hand)
 h - an amulet of regeneration (around neck)
 k - an uncursed amulet of the gourmand
 y - an uncursed ring of protection from fire
 D - a +2 ring of strength (right hand)
 E - an uncursed amulet of rage {unknown}
Wands
 b - a wand of lightning (0/15)
 p - a wand of flame (1/48)
 s - a wand of iceblast (4/15)
 z - a wand of acid (0/15)
 H - a wand of iceblast (7/15)
Scrolls
 i - 4 scrolls of remove curse
 j - a scroll of amnesia
 r - a scroll of fog
 B - a scroll of random uselessness
 K - a scroll of identify
Potions
 o - 4 potions of brilliance
Books
 q - a book of Air

   Spells                             Type                      Level
   a - Shock                          Conjuration/Air              1
   b - Swiftness                      Charms/Air                   2
   c - Repel Missiles                 Charms/Air                   2
   d - Static Discharge               Conjuration/Air              3
   e - Lightning Bolt                 Conjuration/Air              5
Comestibles
 f - 8 bread rations
 u - 3 fruits


   Skills:
 - Level 5.3 Fighting
 * Level 3.3 Maces & Flails
 - Level 2.0 Polearms
 - Level 1.0 Throwing
 + Level 6.5 Dodging
 - Level 1.5 Stealth
   Level 1.0 Shields
 * Level 2.8 Spellcasting
 - Level 9.6 Air Magic


You had 13 spell levels left.
You knew the following spells:

 Your Spells              Type           Power        Failure   Level  Hunger
a - Shock                 Conj/Air       ###.         1%          1    #......


Dungeon Overview and Level Annotations

Branches:
Dungeon (10/15)            Temple (1/1) D:6
   Lair: D:8-11         Orc: D:9-12

Altars:
Ashenzari
Dithmenos
Elyvilon
Fedhas
Gozag
Kikubaaqudgha
Nemelex Xobeh
Pakellas
Qazlal
Ru
Sif Muna
Trog
Vehumet
Yredelemnul
Zin
The Shining One

Annotations:
D:3 M4edhros's ghost, amateur OgWn


Innate Abilities, Weirdness & Mutations

You are too large for most types of armour.
You have tough skin (AC +1).


Message History

You impale the hill giant!!
You kill the hill giant!
Your Maces & Flails skill increases to level 3!
Your Spellcasting skill increases to level 2!
You feel your strength returning. The wyvern closely misses you. x2
You barely miss the wyvern. The wyvern completely misses you.
You sock the wyvern!
The wyvern is heavily wounded.
The wyvern bites you!
* * * LOW HITPOINT WARNING * * *
The wyvern bites you.
* * * LOW HITPOINT WARNING * * *
You hit the wyvern.
The wyvern is severely wounded.
You are no longer berserk.
You pass out from exhaustion.
You feel yourself slow down. The wyvern bites you!
You die...
Your body crumbles into a pile of gold.

,,,,,**,,,,#......# #........
,,,,,**,,,,#......#######........
***,,,+,,_,#.........l...........
*,,,*,,,,*##.....######........
*,,,*,$,,*,#.....#,,,,#...#####
*,,,******,#.....#,,,,#...#,,,,
*,,,,,*,,,,#.....#,,,,#...#,,,,
*,,,,,*'####..l..#,,,,#...#,,,,
***,,,,,,.......@..#,,,,#.l!+,,,,
,,,,,,,,,.......$..##+###...####*
***,,,,,,.##'##.......C..........
,,*,,,,,,,#..,#..................
,,*,,,,,,,#.,,#......#####.......
,,*,,,,,,,+,,,#......#,,,*.......
,,*,,,>,,,*,,,#......#,,,*.......
,,*,,,,,,,*,,,#......#,,,*.......
#**,..Y...#,,,#......+,,,*.......


You could see a wyvern.

Vanquished Creatures
  Erolcha (D:8)
  A hill giant (D:9)
  A troll (D:10)
  A yak (D:8)
  2 hippogriffs
  Menkaure (D:4)
  A black bear (D:7)
  An ice beast (D:7)
  2 orc warriors
  2 sky beasts (D:7)
  3 ogres
  2 centaurs (D:7)
  7 giant frogs
  3 scorpions
  6 killer bees (D:7)
  4 howler monkeys (D:8)
  3 crimson imps
  A giant frog zombie (D:8)
  A quasit (D:5)
  A centaur zombie (D:5)
  2 orc priests
  3 hounds
  2 centaur skeletons
  Jessica (D:8)
  2 worker ants
  Ijyb (D:2)
  3 orc wizards
  A killer bee zombie (D:7)
  Robin (D:3)
  2 howler monkey zombies
  5 gnolls (D:6)
  12 adders
  3 shadow imps
  An ooze (D:4)
  A worm (D:2)
  A dart slug (D:1)
  A giant gecko (D:8)
  25 orcs
  2 giant cockroaches
  18 goblins
  17 hobgoblins
  8 jackals (D:3)
  4 quokkas
  5 ball pythons
  9 bats
  A giant gecko skeleton (D:8)
  3 giant newts (D:2)
  A jackal zombie (D:5)
  15 kobolds
  7 rats
201 creatures vanquished.

Vanquished Creatures (others)
  An orange crystal statue (D:5)
1 creature vanquished.

Grand Total: 202 creatures vanquished

Notes
Turn   | Place    | Note
--------------------------------------------------------------
     0 | D:1      | M4edhros the Ogre Wanderer began the quest for the Orb.
     0 | D:1      | M4edhros set off with: a +2 spear, a potion of lignification, a potion of curing, a +0 robe, a +0 dagger, a bread ration
     0 | D:1      | Reached XP level 1. HP: 27/27 MP: 1/1
   169 | D:1      | Reached skill level 1 in Dodging
   196 | D:1      | Reached XP level 2. HP: 34/35 MP: 2/2
   822 | D:2      | Reached XP level 3. HP: 21/42 MP: 3/3
  1089 | D:2      | Found a shattered altar of Ashenzari.
  1251 | D:2      | Noticed Ijyb
  1260 | D:2      | Killed Ijyb
  1260 | D:2      | Reached XP level 4. HP: 48/50 MP: 4/4
  1715 | D:4      | Reached XP level 5. HP: 49/57 MP: 5/5
  1769 | D:5      | Entered Level 5 of the Dungeon
  2459 | D:4      | Gained mutation: Potions and wands are less effective at restoring your health. [potion of mutation]
  2459 | D:4      | Gained mutation: You are frail (-10% HP). [potion of mutation]
  2508 | D:5      | Noticed Menkaure
  2577 | D:4      | Killed Menkaure
  2577 | D:4      | Reached skill level 5 in Dodging
  2577 | D:4      | Reached XP level 6. HP: 59/59 MP: 6/6
  2648 | D:5      | Reached XP level 7. HP: 30/64 MP: 7/7
  2755 | D:5      | Learned a level 1 spell: Shock
  2778 | D:5      | Reached skill level 1 in Air Magic
  2982 | D:5      | Reached skill level 2 in Air Magic
  3159 | D:5      | Found an oddly glowing altar of Pakellas.
  3159 | D:5      | Noticed an orange crystal statue
  3160 | D:5      | Noticed a troll
  3245 | D:6      | HP: 1/96 [orc warrior/scimitar (15)]
  3249 | D:6      | Reached skill level 3 in Air Magic
  3250 | D:6      | HP: 4/96 [something/magic dart (7)]
  3255 | D:6      | Reached XP level 8. HP: 7/72 MP: 8/8
  3330 | D:6      | Found an oddly glowing altar of Pakellas.
  3334 | D:6      | Found a stormy altar of Qazlal.
  3338 | D:6      | Found a glowing golden altar of the Shining One.
  3558 | D:6      | Reached skill level 4 in Air Magic
  3869 | D:6      | Found an ancient bone altar of Kikubaaqudgha.
  4278 | D:6      | Found a staircase to the Ecumenical Temple.
  4284 | Temple   | Entered the Ecumenical Temple
  4355 | Temple   | Became a worshipper of Gozag Ym Sagoz the Greedy
  4402 | D:5      | Killed an orange crystal statue
  4483 | D:3      | Noticed Robin
  4497 | D:3      | Killed Robin
  4688 | D:3      | Found a bloodstained altar of Trog.
  4840 | D:3      | Reached skill level 5 in Air Magic
  5097 | D:3      | Noticed M4edhros's ghost (amateur OgWn)
  5185 | D:7      | Found a shadowy altar of Dithmenos.
  5299 | D:7      | Found a white marble altar of Elyvilon.
  5371 | D:7      | Reached skill level 6 in Air Magic
  5509 | D:7      | Found a sparkling altar of Nemelex Xobeh.
  5548 | D:7      | Reached XP level 9. HP: 41/79 MP: 9/9
  5596 | D:7      | Reached skill level 7 in Air Magic
  6372 | D:7      | Reached skill level 8 in Air Magic
  7154 | D:8      | Reached skill level 9 in Air Magic
  7314 | D:8      | Found a glowing silver altar of Zin.
  7340 | D:8      | Noticed Erolcha
  7341 | D:8      | Noticed Jessica
  7486 | D:8      | Killed Jessica
  7521 | D:8      | Killed Erolcha
  7521 | D:8      | Reached XP level 10. HP: 86/86 MP: 10/10
  7530 | D:8      | Found a deep blue altar of Sif Muna.
  7767 | D:8      | Lost mutation: Potions and wands are less effective at restoring your health. [potion of cure mutation]
  7767 | D:8      | Lost mutation: You are frail (-10% HP). [potion of cure mutation]
  7841 | D:8      | Reached skill level 1 in Maces & Flails
  7841 | D:8      | Reached skill level 1 in Spellcasting
  7968 | D:9      | Noticed a hill giant
  7997 | D:10     | Entered Level 10 of the Dungeon
  8003 | D:10     | Noticed an elephant
  8014 | D:9      | Killed a hill giant
  8017 | D:9      | Mangled by a wyvern

Vault maps used:
D:1:      lightli_arrival_noodles, serial_bayou_lagoon_a, serial_bayou_pond_b
D:2:      roderic_lattice_a, evilmike_ruin_ashenzari, uniq_iyjb
D:3:      bloody_trog, gammafunk_temple_overflow_pools,
          lemuel_coloured_pillars_altar, minivault_19, uniq_robin
D:5:      first_bread, minmay_item_behind_shaft, abandoned_shop,
          minmay_misc_feat_doors, gammafunk_pakellas_statue_experiment,
          uniq_menkaure
D:6:      corexii_shantytown, kiku_gazebo_pond_becter,
          minmay_overflow_temple_star_quad, temple_green, portal_sewer_entry_d
D:7:      nicolae_dithmenos_through_a_glass_darkly, old_standard_altar,
          basic_altar
D:8:      zin_statuary, tgw_sif, uniq_erolcha
D:9:      cheibriados_altar_wand_db, minmay_misc_feat_more_columns, uniq_psyche
D:10:     david_lair_generic
Temple:   hc_temple_tempest_star_small

Skill      XL: |  1  2  3  4  5  6  7  8  9 10 |
---------------+-------------------------------+-----
Dodging        | 1 2 3 4 5 6 |  6.5
Air Magic      | 3 6 9 |  9.6
Maces & Flails | 3 |  3.3
Spellcasting   | 2 |  2.8
Fighting       | |  5.3
Polearms       | |  2.0
Throwing       | |  1.0
Stealth        | |  1.5
Shields        | |  1.0

Action                   |  1- 3 |  4- 6 |  7- 9 | 10-12 || total
-------------------------+-------+-------+-------+-------++-------
Melee: Spear             |   108 |   132 |   309 |       ||   549
       Dagger            |       |       |   364 |     3 ||   367
       Flail             |       |       |    21 |     9 ||    30
       Giant club        |       |       |     5 |       ||     5
       Giant spiked club |       |       |       |    22 ||    22
 Fire: Blowgun           |       |       |    39 |     1 ||    40
Throw: Tomahawk          |       |       |       |     1 ||     1
 Cast: Shock             |       |       |     1 |       ||     1
Invok: Potion Petition   |       |       |       |     1 ||     1
Evoke: Club              |     3 |       |    20 |     5 ||    28
  Use: Potion            |     2 |     6 |    10 |     2 ||    20
       Scroll            |       |     3 |    10 |     4 ||    17
 Stab: Sleeping          |     8 |     3 |     6 |       ||    17
       Distracted        |       |       |     1 |       ||     1
  Eat: Chunk             |     1 |     3 |     6 |       ||    10
       Beef jerky        |       |     1 |       |       ||     1
       Meat ration       |       |       |     2 |     1 ||     3
       Pizza             |       |       |     1 |       ||     1
Armor: Robe              |    30 |    30 |   193 |     6 ||   259
       Skin              |       |    19 |    20 |       ||    39
Dodge: Dodged            |    55 |    62 |   490 |    46 ||   653
